 Dungeon Crawl Stone Soup version 0.29.1-4-g47bece8355 (webtiles) character file.

Game seed: 11851321095262110391

224 MacCMillion the Chopper (level 6, 0/51 HPs)
             Began as a Hill Orc Fighter on Dec 5, 2022.
             Slain by Duvessa
             ... wielding a +0 short sword
              (14 damage)
             ... on level 4 of the Dungeon.
             The game lasted 00:04:46 (2997 turns).

MacCMillion the Chopper (Hill Orc Fighter)          Turns: 2997, Time: 00:04:47

Health: 0/51       AC: 11    Str: 21    XL:     6   Next: 0%
Magic:  6/6        EV:  7    Int:  8    God:
Gold:   78         SH:  4    Dex: 10    Spells: 5/5 levels left

rFire   . . .      SeeInvis .   y - +3 hand axe
rCold   + . .      Faith    .   c - +0 buckler
rNeg    . . .      Spirit   .   n - +2 chain mail {rC+}
rPois   .          Reflect  .   (no helmet)
rElec   .          Harm     .   (no cloak)
rCorr   .          Rampage  .   (no gloves)
Will    .....                   (no boots)
Stlth   ..........              (no amulet)
HPRegen 0.17/turn               (no ring)
MPRegen 0.10/turn               (no ring)

@: mighty
A: no striking features
a: no special abilities


You were on level 4 of the Dungeon.
You visited 1 branch of the dungeon, and saw 4 of its levels.

You collected 78 gold pieces.

Inventory:

Hand Weapons
 a - a +0 war axe
 w - a +1 vampiric hand axe
 y - a +3 hand axe (weapon)
Missiles
 A - 4 atropa-tipped darts (quivered)
Armour
 b - a +0 scale mail
 c - a +0 buckler (worn)
 n - a +2 chain mail of cold resistance (worn)
Jewellery
 f - a ring of fire
Scrolls
 i - 6 scrolls of identify {unknown}
 k - a scroll of teleportation {unknown}
 l - a scroll of magic mapping {unknown}
 m - a scroll of fog {unknown}
 o - 2 scrolls of immolation {unknown}
 q - a scroll of vulnerability {unknown}
 r - a scroll of fear {unknown}
 s - a scroll of amnesia {unknown}
 t - a scroll of poison {unknown}
 x - a scroll of enchant weapon {unknown}
Potions
 d - a potion of might
 e - 2 potions of heal wounds {unknown}
 g - 2 potions of lignification {unknown}
 h - a potion of curing {unknown}
 j - a potion of mutation {unknown}
 p - a potion of attraction {unknown}
 u - 2 potions of degeneration {unknown}
 v - a potion of invisibility {unknown}
 z - a potion of brilliance {unknown}


   Skills:
 - Level 3.6 Fighting
 * Level 7.5 Axes
 - Level 3.3 Armour
 - Level 4.0 Shields


You had 5 spell levels left.
You didn't know any spells.
Your spell library contained the following spells:

 Spells                   Type           Power      Damage    Failure   Level
 Sublimation of Blood     Necr           0%         N/A       100%        2
 Dazzling Flash           Conj/Hex       0%         N/A       100%        3
 Gell's Gravitas          Tloc           0%         N/A       100%        3
 Lesser Beckoning         Tloc           0%         N/A       100%        3
 Teleport Other           Tloc           0%         N/A       100%        3
 Petrify                  Tmut/Erth      0%         N/A       100%        4
 Agony                    Necr           0%         N/A       100%        5
 Irradiate                Conj/Tmut      0%         3d11      100%        5
 Silence                  Hex/Air        0%         N/A       100%        5


Dungeon Overview and Level Annotations

Branches:
Dungeon (4/15)
 Temple: D:4-7

Altars:
Elyvilon
Kikubaaqudgha
Nemelex Xobeh
Trog
The Shining One

Shops:
D:3 !

Annotations:
D:3 exclusion: moth of wrath
D:4 Duvessa, Sigmund


Message History

You barely miss Dowan.
Duvessa says, "Where magic fails, the sword succeeds!"
Duvessa hits you with a +0 short sword. Dowan hits you with a +0 dagger.
You barely miss Duvessa.
Duvessa is lightly wounded.
You barely miss Dowan. Duvessa hits you with a +0 short sword!
Dowan hits you with a +0 dagger.
You completely miss Duvessa.
Duvessa is lightly wounded.
You hit Dowan. You block Duvessa's attack. Dowan hits you but does no damage.
You barely miss Dowan.
Dowan is moderately wounded.
You barely miss Duvessa. Duvessa hits you but does no damage.
Dowan hits you with a +0 dagger.
Sorry, you're not good enough to have a special ability.
Unknown command.
You feel very mighty all of a sudden. Duvessa closely misses you.
Dowan hits you but does no damage.
You slash Dowan!
Dowan is almost dead.
You closely miss Duvessa. You block Duvessa's attack.
Dowan hits you with a +0 dagger.
You barely miss Dowan.
Dowan is almost dead.
You hit Duvessa. Duvessa closely misses you. Dowan hits you but does no damage.
You slash Dowan!
You kill Dowan!
Duvessa screams in rage.
Duvessa goes berserk!
You barely miss Duvessa. Duvessa hits you but does no damage.
Your Axes skill increases to level 7!
You have reached level 6!
You barely miss Duvessa.
Duvessa is moderately wounded.
Duvessa hits you with a +0 short sword! Duvessa hits you with a +0 short sword.
* * * LOW HITPOINT WARNING * * *
You closely miss Duvessa.
Duvessa is moderately wounded.
Duvessa hits you with a +0 short sword!
You die...

#..
.......
...
.......
....
.......###
.....ee..#
....####.#
.....$.
#...#
.......
#.###
.......
#e#
.......
#@# ......
#)#
......##.#
#####....#
..#....###
#.#.#..#
#.#....#
##.####.#
..#....#


You could see Duvessa (berserk).

Vanquished Creatures
  Dowan (D:4)
  An orc priest (D:3)
  An orc wizard (D:3)
  4 gnolls (D:2)
  An adder (D:3)
  5 worms (D:3)
  2 dart slugs (D:1)
  4 orcs (D:3)
  2 ball pythons (D:2)
  5 bats
  3 endoplasms
  A giant cockroach (D:2)
  3 goblins
  7 hobgoblins
  2 jackals (D:2)
  4 quokkas
  3 frilled lizards
  2 kobolds
  5 rats
56 creatures vanquished.

Vanquished Creatures (others)
  A plant (D:1)
1 creature vanquished.

Grand Total: 57 creatures vanquished

Notes
Turn   | Place    | Note
-------+----------+-------------------------------------------
     0 | D:1      | MacCMillion the Hill Orc Fighter began the quest for the
                  | Orb.
     0 | D:1      | Reached XP level 1. HP: 19/19 MP: 1/1
    22 | D:1      | You fall into a shaft and drop 1 floor!
   164 | D:1      | Reached skill level 3 in Axes
   315 | D:1      | Reached XP level 2. HP: 26/26 MP: 2/2
   850 | D:2      | Reached skill level 4 in Axes
   850 | D:2      | Reached XP level 3. HP: 23/31 MP: 3/3
  1079 | D:2      | Reached XP level 4. HP: 36/39 MP: 4/4
  1157 | D:2      | Reached skill level 5 in Axes
  2019 | D:3      | Found Tiyteitas's Distillery.
  2020 | D:3      | Found an ancient bone altar of Kikubaaqudgha.
  2085 | D:3      | Found a large runed translucent door.
  2086 | D:3      | Found a large runed translucent door.
  2160 | D:3      | Found a sparkling altar of Nemelex Xobeh.
  2160 | D:3      | Found a transporter.
  2173 | D:3      | Reached skill level 6 in Axes
  2173 | D:3      | Reached XP level 5. HP: 45/45 MP: 5/5
  2310 | D:3      | Noticed a moth of wrath
  2312 | D:3      | Found a bloodstained altar of Trog.
  2845 | D:3      | Found a white marble altar of Elyvilon.
  2848 | D:3      | Found a glowing golden altar of the Shining One.
  2905 | D:4      | Noticed Sigmund
  2974 | D:4      | Noticed Duvessa
  2974 | D:4      | Noticed Dowan
  2995 | D:4      | Killed Dowan
  2996 | D:4      | Reached skill level 7 in Axes
  2996 | D:4      | Reached XP level 6. HP: 28/51 MP: 6/6
  2997 | D:4      | Slain by Duvessa

Illustrated notes

Levels and vault maps discovered:
D:1:      kennysheep_arrival_forest, layout_basic, serial_forest,
          infiniplex_forest_zigzag_1, infiniplex_forest_clump_diagonal,
          infiniplex_forest_lined_2, infiniplex_forest_corner_2,
          infiniplex_forest_clump_C, infiniplex_forest_clump_C,
          roderic_cross_of_infinity
D:2:      layout_rooms, serial_curves, eino_curves_04, eino_curves_02
D:3:      layout_basic, nicolae_kikubaaqudgha_miasma_corner,
          grunt_nemelex_the_gamble, jmf_multi_god_temple2, tgw_trog,
          serial_shops, nicolae_shop_behind_doors, minmay_bisected
D:4:      layout_basic, lemuel_doored_altar, nicolae_hepliaklqana_hippocampus,
          uniq_duvessa, uniq_sigmund, uniq_edmund

Skill      XL: |  1  2  3  4  5 |
---------------+----------------+-----
Axes           | 3 4 6 7 |  7.5
Shields        | 4 |  4.0
Fighting       | |  3.6
Armour         | |  3.3

Action                   |  1- 3 |  4- 6 || total
-------------------------+-------+-------++-------
Melee: War axe           |    43 |    26 ||    69
       Hand axe          |       |    76 ||    76
  Use: Potion            |       |     1 ||     1
Armor: Scale mail        |     9 |       ||     9
       Chain mail        |    17 |    47 ||    64
Dodge: Dodged            |    15 |    17 ||    32
Block: Buckler           |     6 |    15 ||    21
